 Dungeon Crawl Stone Soup version 0.27-a0-170-g607d9e9d85 (webtiles) character file.

Game seed: 7249278782694001690

25 vurker the Sneak (level 3, 0/18 HPs)
             Began as a Vine Stalker Enchanter on Jan 28, 2021.
             Succumbed to an adder's poison
             ... on level 2 of the Dungeon.
             The game lasted 00:01:42 (1725 turns).

vurker the Sneak (Vine Stalker Enchanter)           Turns: 1725, Time: 00:01:43

Health: 0/18       AC: 10    Str: 11    XL:     3   Next: 6%
Magic:  4/7        EV:  5    Int: 15    God:
Gold:   76         SH:  0    Dex: 14    Spells: 5/6 levels left

rFire    . . .     SeeInvis .     - Unarmed
rCold    . . .     Faith    .   (no shield)
rNeg     . . .     Spirit   +   e - +0 chain mail
rPois    .         Reflect  .   (no helmet)
rElec    .         Harm     .   (no cloak)
rCorr    .         Rampage  .   (no gloves)
Will     .....                  d - +1 pair of boots
Stlth    ..........             (no amulet)
HPRegen  0.06/turn              (no ring)
MPRegen  0.10/turn              (no ring)

@: lethally poisoned (0 -> -4)
A: fangs 2, magic shield, antimagic bite, no potion heal 3
a: no special abilities


You were on level 2 of the Dungeon.
You visited 1 branch of the dungeon, and saw 2 of its levels.

You collected 76 gold pieces.

Inventory:

Hand Weapons
 a - a +1 dagger
Armour
 d - a +1 pair of boots (worn)
   (You found it on level 1 of the Dungeon)
 e - a +0 chain mail (worn)
   (You found it on level 1 of the Dungeon)
Scrolls
 g - 2 scrolls of teleportation {unknown}
 h - a scroll of enchant armour {unknown}
Potions
 f - a potion of brilliance {unknown}
 i - a potion of haste {unknown}


   Skills:
 + Level 1.1 Fighting
 - Level 0.8 Short Blades
 - Level 1.5 Dodging
 - Level 3.6 Stealth
 * Level 2.1 Unarmed Combat
 - Level 2.1 Spellcasting
 - Level 3.0 Hexes


You had 5 spell levels left.
You knew the following spells:

 Your Spells              Type           Power        Failure   Level
a - Corona                Hex            11%          99%         1

Your spell library contained the following spells:

 Spells                   Type           Power        Failure   Level
 Ensorcelled Hibernation  Hex/Ice        12%          100%        2
 Confusing Touch          Hex            10%          100%        3
 Dazzling Flash           Conj/Hex       12%          100%        3
 Tukima's Dance           Hex            10%          100%        3


Dungeon Overview and Level Annotations

Branches:
Dungeon (2/15)

Altars:


Innate Abilities, Weirdness & Mutations

You have extremely sharp teeth.
When hurt, damage is shared between your health and your magic reserves.
Your bite disrupts and absorbs the magic of your enemies.
Potions cannot restore your health.


Message History

The goblin hits you but does no damage.
You're too confused to move!
The goblin hits you but does no damage.
You hit the goblin.
You kill the goblin!
You bump into the rock wall.
The adder barely misses you. The adder bites you but does no damage.
You bump into the rock wall.
You feel less invigorated.
You feel less confused.
You feel sick. The adder bites you but does no damage.
You miss the adder. The adder bites you but does no damage.
You hit the adder but do no damage. You bite the adder, but do no damage.
The adder bites you.
* * * LOW HITPOINT WARNING * * *
You are lethally poisoned!
The adder poisons you! The adder bites you but does no damage.
It was a potion of curing.
Your system rejects the healing.
You feel better. The adder bites you but does no damage.
You miss the adder. You bite the adder. You drain its power.
The adder bites you.
* * * LOW HITPOINT WARNING * * *
You closely miss the adder. Your bite misses the adder. The adder bites you.
* * * LOW HITPOINT WARNING * * *
You are lethally poisoned!
The adder poisons you!
You are confused.
Your system rejects the healing.
You feel invigorated.
* * * LOW HITPOINT WARNING * * *
You feel sick. The adder bites you but does no damage.
You miss the adder. Your bite misses the adder. The adder bites you.
The adder bites you but does no damage.
You hit the adder. You bite the adder, but do no damage.
* * * LOW HITPOINT WARNING * * *
You feel sick. The adder bites you but does no damage.
You hit the adder but do no damage. The adder bites you but does no damage.
Okay, then.
You bump into the rock wall.
* * * LOW HITPOINT WARNING * * *
You feel sick.
The adder bites you but does no damage. x2
Your system rejects the healing.
You feel better.
You feel less invigorated. The adder barely misses you.
You closely miss the adder. The adder bites you but does no damage.
You hit the adder. The adder bites you.
Your chain mail prevents you from hitting the adder.
Your bite misses the adder.
The adder bites you but does no damage. x2
You barely miss the adder. Your bite misses the adder. The adder bites you.
You are lethally poisoned!
The adder poisons you!
You hit the adder.
You kill the adder!
You die...

##### ####...######
.###...........
............#######
#.............[#
..#.#.....##.#####.#####
..........##............
..#.###?#.########......
#@#.# ### ######. #.#..
..# #. #.#.## #.# #.
..#)# #.# #. ###.# #.#
#. #.# #.# #. .#.
#.####.# #.
....####†#.##.########.
#.......#............


There were no monsters in sight!

Vanquished Creatures
  An adder (D:2)
  An ooze (D:2)
  A worm (D:2)
  A dart slug (D:1)
  2 leopard geckos (D:2)
  A ball python (D:1)
  2 bats
  3 goblins
  A hobgoblin (D:1)
  2 rats
15 creatures vanquished.

Notes
Turn   | Place    | Note
-------+----------+-------------------------------------------
     0 | D:1      | vurker the Vine Stalker Enchanter began the quest for the
                  | Orb.
     0 | D:1      | Reached XP level 1. HP: 9/9 MP: 4/4
   414 | D:1      | Reached skill level 1 in Unarmed Combat
   497 | D:1      | Reached XP level 2. HP: 12/14 MP: 6/6
  1379 | D:2      | Reached skill level 1 in Fighting
  1429 | D:2      | Reached XP level 3. HP: 6/18 MP: 3/7
  1725 | D:2      | Succumbed to an adder's poison

Illustrated notes

Levels and vault maps discovered:
D:1:      dpeg_arrival_radiant, layout_basic, serial_forest,
          infiniplex_forest_diagonal, infiniplex_forest_straight_2,
          infiniplex_forest_straight_3, infiniplex_forest_lined_corner,
          infiniplex_forest_lined_corner
D:2:      layout_loops_ring, cheibriados_altar_2,
          chequers_ecumenical_altar_simple

Skill      XL: |  1  2 |
---------------+-------+-----
Unarmed Combat | 1 2 |  2.1
Fighting       | 1 |  1.1
Short Blades   | |  0.8
Dodging        | |  1.5
Stealth        | |  3.6
Spellcasting   | |  2.1
Hexes          | |  3.0

Action                   || total
-------------------------++-------
Melee: Dagger            ||    53
       Bite              ||    27
       Unarmed           ||    46
  Use: Potion            ||     4
Armor: Chain mail        ||    71
       Robe              ||     2
Dodge: Dodged            ||    16

Table legend: (Time is in decaauts)
 A = Elapsed time spent in this place.
 B = Non-inter-level travel time spent in this place.
 C = Inter-level travel time spent in this place.
 D = Time resting spent in this place.
 E = Time spent auto-exploring this place.
 F = Levels seen in this place.
 G = Mean time per level.
                   A        B        C        D        E       F      G
               +--------+--------+--------+--------+--------+-----+--------+
         Total |   1720 |   1657 |     63 |      0 |   1464 |   2 |  860.0 |
       Dungeon |   1720 |   1657 |     63 |      0 |   1464 |   2 |  860.0 |
               +--------+--------+--------+--------+--------+-----+--------+

Top non-repeatable levels by time:
     D:1: 965 daAuts
     D:2: 754 daAuts
